 Dungeon Crawl Stone Soup version 0.26.0-45-g9c1d065592 (webtiles) character file.

Game seed: 12509359974265219193

159 Marvel the Ruffian (level 5, 0/50 HPs)
             Began as a Troll Fighter on Jan 28, 2021.
             Killed from afar by an electric eel (10 damage)
             ... with a bolt of electricity
             ... on level 3 of the Dungeon.
             The game lasted 00:02:33 (1599 turns).

Marvel the Ruffian (Troll Fighter)                  Turns: 1599, Time: 00:02:33

Health: 0/50       AC:  6    Str: 25    XL:     5   Next: 17%
Magic:  4/4        EV:  8    Int:  4    God:
Gold:   164        SH:  8    Dex:  9    Spells: 4/4 levels left

rFire    . . .     SeeInvis .     - Unarmed
rCold    . . .     Faith    +   b - +0 kite shield
rNeg     . . .     Spirit   .   a - +0 robe
rPois    .         Reflect  .   (helmet restricted)
rElec    .         Harm     .   (no cloak)
rCorr    .         Rampage  .   (gloves unavailable)
Will     .....                  (boots unavailable)
Stlth    +.........             d - amulet of faith
HPRegen  0.56/turn              (no ring)
MPRegen  0.09/turn              (no ring)

@: no status effects
A: large, unfitting armour, claws 3, regeneration 1, shaggy fur 1, tough skin 3
a: no special abilities


You were on level 3 of the Dungeon.
You visited 1 branch of the dungeon, and saw 3 of its levels.

You collected 164 gold pieces.

Inventory:

Missiles
 o - 5 boomerangs (quivered)
Armour
 a - a +0 robe (worn)
 b - a +0 kite shield (worn)
Jewellery
 d - an amulet of faith (around neck)
 j - a cursed amulet of inaccuracy {unknown}
Wands
 p - a wand of flame (20)
Scrolls
 e - 2 scrolls of identify {unknown}
 g - 2 scrolls of teleportation {unknown}
 h - a scroll of blinking {unknown}
 i - a scroll of noise {unknown}
 l - a scroll of remove curse {unknown}
 n - a scroll of magic mapping {unknown}
Potions
 c - a potion of might
 f - a potion of flight {unknown}
 k - a potion of curing {unknown}
 m - a potion of attraction {unknown}


   Skills:
 - Level 2.4 Fighting
 - Level 2.4 Dodging
 - Level 2.4 Shields
 + Level 5.4 Unarmed Combat


You had 4 spell levels left.
You didn't know any spells.
Your spell library was empty.

Dungeon Overview and Level Annotations

Branches:
Dungeon (3/15)

Altars:
Cheibriados
Zin

Annotations:
D:3 1 transporter


Innate Abilities, Weirdness & Mutations

You are too large for most types of armour.
You have claws for hands.
Your natural rate of healing is unusually fast.
You are covered in fur. (AC +1)
You have extremely tough skin. (AC +3)


Message History

You scratch the leopard gecko.
You kill the leopard gecko!
You see here a leopard gecko corpse.
There is a transporter here.
You enter the transporter and appear at another place.
p - a wand of flame (20)
You open the door.
The electric eel shoots out a bolt of lightning at you!
The bolt of electricity hits you! x2; The bolt of electricity hits the plant!
The plant begins to die.
The electric eel shoots out a bolt of lightning at you!
The bolt of electricity hits you!
* * * LOW HITPOINT WARNING * * *
The bolt of electricity hits you.
* * * LOW HITPOINT WARNING * * *
The bolt of electricity hits the plant!
The plant begins to die.
There is an open door here.
The electric eel shoots out a bolt of lightning at you!
The bolt of electricity hits you!
You die...

#..# #...............# #######..#
#.#...##.##.##...
#........########.##.###......###
#.#####...........##.# #......
#.# ##############.###. ... #.#
#............ .... #.#
#.###############.# #.#
##.#8P#;≈≈≈≈≈≈#P8#.## #.#
##..#.@#.......#..#..# #.#
#..©#©.'...⌠...+(©#©.. #.#
#...#..#.......#..#... #.#
#.#.#8P#;≈≈≈≈≈≈#P8#l# #.#
#.#†###############.#. #.# #
#................... #.#
#.##....#########..... #.#
#....#### #(. #.# ####.#


You could see 2 electric eels.

Vanquished Creatures
  An orc wizard (D:3)
  4 gnolls (D:2)
  2 adders
  2 oozes (D:1)
  2 worms (D:3)
  2 dart slugs
  3 leopard geckos
  6 orcs (D:3)
  2 giant cockroaches
  3 goblins
  5 hobgoblins
  A kobold (D:1)
  2 quokkas (D:3)
  A ball python (D:3)
  11 bats
  4 frilled lizards
  3 rats
54 creatures vanquished.

Notes
Turn   | Place    | Note
-------+----------+-------------------------------------------
     0 | D:1      | Marvel the Troll Fighter began the quest for the Orb.
     0 | D:1      | Reached XP level 1. HP: 22/22 MP: 0/0
   128 | D:1      | Reached XP level 2. HP: 29/29 MP: 1/1
   219 | D:1      | Reached skill level 3 in Unarmed Combat
   772 | D:2      | Found a snail-covered altar of Cheibriados.
   825 | D:2      | Reached XP level 3. HP: 24/36 MP: 2/2
   888 | D:2      | Reached skill level 4 in Unarmed Combat
   922 | D:2      | Reached XP level 4. HP: 31/44 MP: 3/3
   957 | D:2      | Found a glowing silver altar of Zin.
  1342 | D:3      | Reached skill level 5 in Unarmed Combat
  1535 | D:3      | Reached XP level 5. HP: 40/50 MP: 4/4
  1559 | D:3      | Found a transporter.
  1567 | D:3      | Found a transporter.
  1599 | D:3      | Killed from afar by an electric eel

Illustrated notes

Levels and vault maps discovered:
D:1:      minmay_arrival_hallway, layout_basic
D:2:      layout_rooms, cheibriados_altar_1, old_standard_altar
D:3:      gammafunk_steamed_eel, layout_loops_ring, minmay_unequal

Skill      XL: |  1  2  3  4 |
---------------+-------------+-----
Unarmed Combat | 3 4 5 |  5.4
Fighting       | |  2.4
Dodging        | |  2.4
Shields        | |  2.4

Action                   |  1- 3 |  4- 6 || total
-------------------------+-------+-------++-------
Melee: Unarmed           |    59 |    89 ||   148
Armor: Robe              |    26 |    35 ||    61
Dodge: Dodged            |    33 |    35 ||    68
Block: Kite shield       |    40 |    33 ||    73
